 Dungeon Crawl Stone Soup version 0.19.0-24-gb05acd6 (webtiles) character file.

574177 magipi the Spry (level 25, -12/182 HPs)
             Began as a Deep Elf Berserker on Nov 20, 2016.
             Was an Elder of Trog.
             Mangled by a death cob (23 damage)
             ... on level 3 of the Realm of Zot on Nov 21, 2016.
             The game lasted 07:20:24 (83977 turns).

magipi the Spry (Deep Elf Berserker)               Turns: 83977, Time: 07:20:24

Health: -12/182    AC: 38    Str: 18      XL:     25   Next: 73%
Magic:  0/12       EV: 23    Int: 16 (17) God:    Trog [****..]
Gold:   4303       SH:  7    Dex: 17 (18) Spells: 0 memorised, 24 levels left

rFire  + . .     SeeInvis .     a - +9 demon blade (antimagic)
rCold  + . .     Gourm    .     I - +7 scale mail of a ziggurat {rPois Int+2}
rNeg   . . .     Faith    .     v - +2 buckler
rPois  +         Spirit   +     L - +2 helmet
rElec  .         Reflect  .     Y - +2 cloak {rF+}
rCorr  .         Harm     .     Q - +2 pair of gloves
MR     ++++.                    B - +2 pair of boots
Stlth  ..........               n - amulet of guardian spirit
                                c - ring of protection from cold
                                g - ring of Robustness {AC+8}

@: about to teleport, very slightly contaminated, regenerating, hasted and
slowed
A: deformed body, deterioration 1, dopey 1, poison resistance, robust 1
a: Berserk, Trog's Hand, Brothers in Arms, Burn Spellbooks, Renounce Religion
0: Orb of Zot
}: 3/15 runes: decaying, silver, gossamer


You were on level 3 of the Realm of Zot.
You worshipped Trog.
Trog was greatly pleased with you.
You were not hungry.

You visited 9 branches of the dungeon, and saw 49 of its levels.
You also visited: Labyrinth and Volcano.

You collected 7759 gold pieces.
You spent 3456 gold pieces at shops.

Notes
Turn   | Place    | Note
-------+----------+-------------------------------------------
     0 | D:1      | magipi the Deep Elf Berserker began the quest for the Orb.
     0 | D:1      | Reached XP level 1. HP: 13/13 MP: 3/3
   198 | D:1      | Reached XP level 2. HP: 2/18 MP: 4/4
   961 | D:1      | Reached XP level 3. HP: 18/22 MP: 5/5
  1363 | D:2      | Noticed Ijyb
  1372 | D:2      | Killed Ijyb
  1432 | D:2      | Reached ** piety under Trog
  1443 | D:2      | Reached XP level 4. HP: 25/27 MP: 6/6
  1670 | D:2      | Noticed Natasha
  1686 | D:2      | Killed Natasha
  1845 | D:2      | Found a burning altar of Makhleb.
  2146 | D:2      | Noticed Natasha
  2164 | D:2      | Killed Natasha
  2164 | D:2      | Reached skill level 5 in Long Blades
  2244 | D:2      | Noticed Natasha
  2250 | D:2      | Killed Natasha
  2250 | D:2      | Reached XP level 5. HP: 26/31 MP: 7/7
  2813 | D:3      | Reached *** piety under Trog
  3039 | D:3      | Noticed patrickswayze's ghost (amateur DECK)
  3193 | D:3      | Found an opulent altar of Gozag.
  3411 | D:3      | Killed patrickswayze's ghost
  3411 | D:3      | Reached XP level 6. HP: 36/36 MP: 8/8
  3719 | D:4      | Noticed Edmund
  3737 | D:4      | Killed Edmund
  4356 | D:4      | Reached XP level 7. HP: 20/40 MP: 3/9
  5062 | D:4      | Found a radiant altar of Vehumet.
  5674 | D:4      | Noticed Sigmund
  5699 | D:4      | Killed Sigmund
  6055 | D:4      | Reached XP level 8. HP: 45/45 MP: 8/10
  6578 | D:5      | Entered Level 5 of the Dungeon
  6618 | D:5      | Found a staircase to the Ecumenical Temple.
  6695 | D:5      | Found a shimmering altar of Xom.
  6843 | D:5      | Reached **** piety under Trog
  6846 | D:5      | Noticed Blork the orc
  6853 | D:5      | Killed Blork the orc
  6853 | D:5      | Reached skill level 10 in Long Blades
  7008 | D:5      | Found Issuwyck's Weapon Shoppe.
  7453 | D:6      | Found a snail-covered altar of Cheibriados.
  7588 | D:6      | Found a faded altar of an unknown god.
  7588 | D:6      | Found a faded altar of an unknown god.
  7594 | D:6      | Found a hide-covered altar of Uskayaw.
  7596 | D:6      | Found a faded altar of an unknown god.
  7597 | D:6      | Found a faded altar of an unknown god.
  8304 | D:7      | Reached XP level 9. HP: 43/49 MP: 9/11
  9266 | D:7      | Reached ***** piety under Trog
  9330 | D:7      | You fall through a shaft for 3 floors!
  9330 | D:10     | Entered Level 10 of the Dungeon
  9516 | D:9      | Reached skill level 1 in Shields
  9654 | D:9      | Found a glowing silver altar of Zin.
  9655 | D:9      | Noticed an angel
  9692 | D:8      | Found an iron altar of Okawaru.
  9833 | D:8      | Found a shattered altar of Ashenzari.
  9936 | D:7      | Found Zakap's Jewellery Shoppe.
 10155 | D:7      | Noticed Menkaure
 10172 | D:7      | Killed Menkaure
 10200 | D:7      | Received a gift from Trog
 10398 | D:7      | Reached XP level 10. HP: 55/56 MP: 12/12
 11133 | D:8      | Found a stormy altar of Qazlal.
 11477 | D:8      | Found a bloodstained altar of Trog.
 11704 | D:9      | Reached skill level 5 in Dodging
 11747 | D:9      | Found Luch's Assorted Antiques.
 11756 | D:9      | Bought a scroll of blinking for 165 gold pieces
 11756 | D:9      | Bought a scroll of identify for 44 gold pieces
 11756 | D:9      | Bought a scroll of identify for 44 gold pieces
 11756 | D:9      | Bought a serpentine amber ring for 110 gold pieces
 11756 | D:9      | Bought a scroll labeled IHEASA ZIRANK for 22 gold pieces
 11756 | D:9      | Identified the ring of Mehepsu {+Blink rElec Str+5} (You bought it in a shop on level 9 of the Dungeon)
 11815 | D:9      | Found a shadowy altar of Dithmenos.
 12260 | D:9      | Found a deep blue altar of Sif Muna.
 12269 | D:9      | Noticed a cyclops
 12286 | D:9      | Killed a cyclops
 12478 | D:9      | Noticed a three-headed hydra
 12494 | D:9      | Killed a nine-headed hydra
 12494 | D:9      | Reached skill level 5 in Fighting
 12764 | D:10     | Noticed a gargoyle
 12772 | D:10     | Killed a gargoyle
 12772 | D:10     | Reached skill level 5 in Armour
 12772 | D:10     | Reached XP level 11. HP: 54/64 MP: 10/13
 13720 | D:10     | Noticed Josephine
 13727 | D:10     | Killed Josephine
 13782 | D:10     | Found a staircase to the Orcish Mines.
 13809 | D:10     | Got a flickering sapphire amulet
 14233 | D:11     | Noticed a seven-headed hydra
 14303 | D:11     | Noticed a green ugly thing
 14314 | D:11     | Killed a green ugly thing
 14379 | D:11     | Found a staircase to the Lair.
 14459 | D:11     | Found a labyrinth entrance.
 14505 | Lab      | Entered a labyrinth
 15034 | Lab      | Noticed a minotaur
 15046 | Lab      | Killed a minotaur
 15046 | Lab      | Reached skill level 1 in Evocations
 15052 | Lab      | Identified Vuczesku's Incunabulum of Malediction and Orientation
 15052 | Lab      | Identified the Tome of Destructive Air
 15054 | Lab      | Identified the amulet "Doec" {Harm *Drain +Fly rF+ Str-5 Stlth+} (You took it off an orc priest on level 10 of the Dungeon)
 15169 | D:11     | Reached ****** piety under Trog
 15294 | D:11     | Noticed an unseen horror
 15302 | D:11     | Killed an unseen horror
 15311 | D:11     | Noticed patrickswayze's ghost (journeyman DECK)
 15332 | D:11     | Killed patrickswayze's ghost
 15396 | D:11     | Noticed a hill giant
 15408 | D:11     | Killed a hill giant
 15408 | D:11     | Reached XP level 12. HP: 58/72 MP: 10/16
 15411 | D:11     | Received a gift from Trog
 15974 | D:12     | Reached skill level 10 in Dodging
 16163 | D:12     | Noticed a seven-headed hydra
 16180 | D:12     | Killed a nine-headed hydra
 16743 | D:12     | Found Reyxzebi's Magic Scroll Boutique.
 16746 | D:12     | Bought a scroll of blinking for 82 gold pieces
 16746 | D:12     | Bought a scroll of teleportation for 33 gold pieces
 16760 | D:12     | Reached skill level 5 in Evocations
 17063 | D:11     | Found Xiruka's Assorted Antiques.
 17155 | Lair:1   | Entered Level 1 of the Lair of Beasts
 17396 | Lair:1   | Noticed TotoDurand's ghost (journeyman NaFE)
 17426 | Lair:1   | Killed TotoDurand's ghost
 17913 | Lair:2   | Received a gift from Trog
 17965 | Lair:2   | Noticed a death yak
 17992 | Lair:2   | Killed a death yak
 18301 | Lair:2   | Noticed a death yak
 18302 | Lair:2   | Noticed a death yak
 18316 | Lair:2   | Noticed a death yak
 18344 | Lair:2   | Noticed a death yak
 18344 | Lair:2   | Killed a death yak
 18480 | Lair:1   | Killed a death yak
 18517 | Lair:2   | Noticed a death yak
 18534 | Lair:1   | Killed a death yak
 18759 | Lair:2   | Killed a death yak
 18759 | Lair:2   | Reached XP level 13. HP: 79/79 MP: 20/20
 18830 | Lair:3   | Noticed Urug
 19257 | Lair:3   | Killed Urug
 19484 | Lair:4   | Found a hole to the Spider Nest.
 19838 | Lair:4   | Got a warped scale mail
 19960 | Lair:4   | Found a dark tunnel.
 19967 | Volcano  | Entered a volcano
 19991 | Volcano  | Received a gift from Trog
 20326 | Volcano  | Reached skill level 10 in Fighting
 20494 | Lair:4   | Reached skill level 10 in Evocations
 20529 | Lair:4   | Found a staircase to the Swamp.
 20620 | Lair:4   | Identified the +4 scale mail of Tiunanee {rN+} (You found it on level 4 of the Lair of Beasts)
 20625 | Lair:4   | Gained mutation: You are robust. (+10% HP) [potion of beneficial mutation]
 21067 | Lair:5   | Found a staircase to the Slime Pits.
 21768 | Lair:6   | Entered Level 6 of the Lair of Beasts
 21879 | Lair:6   | Received a gift from Trog
 21940 | Lair:6   | Reached XP level 14. HP: 89/96 MP: 13/24
 23548 | Lair:6   | Received a gift from Trog
 23882 | Lair:6   | Reached skill level 1 in Throwing
 23973 | Lair:6   | Received a gift from Trog
 24119 | Orc:1    | Entered Level 1 of the Orcish Mines
 24120 | Orc:1    | Found Cyajaun's Armour Shoppe.
 24219 | Orc:1    | Noticed an orc warlord
 24416 | Orc:1    | Killed an orc warlord
 24594 | Orc:1    | Noticed Erolcha
 24603 | Orc:1    | Killed Erolcha
 24615 | Orc:1    | Found a shimmering altar of Xom.
 24816 | Orc:2    | Entered Level 2 of the Orcish Mines
 25306 | Orc:2    | Received a gift from Trog
 25333 | Orc:2    | Reached XP level 15. HP: 60/101 MP: 16/26
 25715 | Orc:2    | Noticed an orc warlord
 25781 | Orc:2    | Reached skill level 5 in Throwing
 25832 | Orc:2    | Killed an orc warlord
 26184 | Orc:2    | Found Dogoahux's Gadget Shop.
 26190 | Orc:2    | Found a staircase to the Elven Halls.
 26344 | Orc:2    | Noticed Sonja
 26365 | Orc:2    | Killed Sonja
 26475 | Orc:2    | Found Iskois's Distillery.
 26475 | Orc:2    | Found Ejo Sior's Magic Scroll Boutique.
 26504 | Orc:2    | Bought a scroll of noise for 13 gold pieces
 26513 | Orc:2    | Bought a potion of heal wounds for 55 gold pieces
 26513 | Orc:2    | Bought 2 potions of curing for 66 gold pieces
 26513 | Orc:2    | Bought a potion of curing for 33 gold pieces
 26521 | Orc:2    | Found a roughly hewn altar of Beogh.
 26541 | Orc:2    | Found Umemob's Food Emporium.
 26541 | Orc:2    | Found Urchef's Distillery.
 26584 | Orc:2    | Bought a potion of resistance for 150 gold pieces
 26623 | Orc:2    | Bought 3 scrolls of identify for 78 gold pieces
 26623 | Orc:2    | Bought a scroll of identify for 26 gold pieces
 26623 | Orc:2    | Bought a scroll of identify for 26 gold pieces
 27013 | D:13     | Noticed Rupert
 27019 | D:13     | Killed Rupert
 27100 | D:13     | Received a gift from Trog
 27376 | D:13     | Identified the cursed +1 scale mail of Xeiris {Str-4 Dex+6} (You found it on level 13 of the Dungeon)
 27561 | D:13     | Received a gift from Trog
 28320 | D:13     | Identified the +5 scimitar of Callousness {protect, *Corrode *Drain +Inv rElec} (You found it on level 13 of the Dungeon)
 28322 | D:13     | Identified the +8 scimitar of the Endless March {pain, Int+3 Stlth+} (You found it on level 13 of the Dungeon)
 28356 | D:13     | Identified the +7 long sword of the Living Dead {antimagic, +Rage +Inv MR+ Int+6} (You found it on level 13 of the Dungeon)
 28515 | D:13     | Found a gate to the Vaults.
 28726 | D:13     | Noticed Snorg
 28743 | D:13     | Killed Snorg
 28910 | D:13     | You fall through a shaft for 2 floors!
 28910 | D:15     | Entered Level 15 of the Dungeon
 28975 | D:14     | Found an ancient bone altar of Kikubaaqudgha.
 29143 | D:14     | Identified a scroll of acquirement
 29184 | D:14     | Noticed Agnes
 29200 | D:14     | Killed Agnes
 29792 | D:14     | Noticed Kirke
 29824 | D:14     | Killed Kirke
 29824 | D:14     | Reached XP level 16. HP: 82/106 MP: 8/29
 30028 | D:15     | Reached skill level 10 in Throwing
 30028 | D:15     | Reached skill level 15 in Evocations
 30578 | D:15     | Received a gift from Trog
 31459 | D:15     | Found a staircase to the Depths.
 31945 | Spider:1 | Entered Level 1 of the Spider Nest
 32277 | Spider:1 | Received a gift from Trog
 32931 | Spider:1 | Identified the +7 scale mail of a ziggurat {rPois Int+2} (You found it on level 1 of the Spider Nest)
 33063 | Spider:1 | Received a gift from Trog
 33719 | Spider:1 | Reached skill level 15 in Long Blades
 34128 | Spider:2 | Reached skill level 10 in Armour
 34931 | Spider:3 | Reached XP level 17. HP: 115/115 MP: 25/30
 35304 | Spider:4 | Entered Level 4 of the Spider Nest
 35517 | Spider:3 | Received a gift from Trog
 36122 | Spider:4 | Received a gift from Trog
 36490 | Spider:4 | Got a wavering silver ring
 36492 | Spider:4 | Identified the ring "Lesyrcha" {rF+ Str+2} (You found it on level 4 of the Spider Nest)
 36883 | Spider:4 | Received a gift from Trog
 37352 | Spider:4 | Got a gossamer rune of Zot
 37757 | Swamp:1  | Entered Level 1 of the Swamp
 37950 | D:7      | Bought a cursed ring of loudness for 63 gold pieces
 37950 | D:7      | Bought an uncursed ring of resist corrosion for 280 gold pieces
 38264 | Swamp:1  | Received a gift from Trog
 38889 | Swamp:1  | Received a gift from Trog
 39598 | Swamp:2  | Received a gift from Trog
 40112 | Swamp:2  | Received a gift from Trog
 40973 | Swamp:3  | Reached XP level 18. HP: 106/124 MP: 28/31
 41238 | Swamp:4  | Entered Level 4 of the Swamp
 41526 | Swamp:4  | Received a gift from Trog
 42139 | Swamp:4  | Noticed a bone dragon
 42173 | Swamp:4  | Killed a bone dragon
 42892 | Swamp:4  | Received a gift from Trog
 43037 | Swamp:4  | Got a decaying rune of Zot
 43447 | Elf:1    | Entered Level 1 of the Elven Halls
 43647 | Elf:1    | Received a gift from Trog
 43739 | Elf:1    | Noticed Louise
 43780 | Elf:1    | Killed Louise
 43838 | Elf:1    | Found Ijeasa's Distillery.
 43846 | Elf:1    | Bought a potion of might for 64 gold pieces
 43846 | Elf:1    | Bought a potion of invisibility for 128 gold pieces
 43846 | Elf:1    | Bought a potion of curing for 48 gold pieces
 43895 | Elf:1    | Received a gift from Trog
 44243 | Elf:1    | Received a gift from Trog
 44931 | Elf:2    | Received a gift from Trog
 45583 | Elf:3    | Entered Level 3 of the Elven Halls
 45601 | Elf:3    | Found a magical portal.
 46055 | Vaults:1 | Entered Level 1 of the Vaults
 46298 | Vaults:1 | Received a gift from Trog
 46445 | Vaults:1 | Reached XP level 19. HP: 130/130 MP: 32/32
 46656 | Vaults:1 | Found Keari's Antique Weapon Shoppe.
 46737 | Vaults:1 | Found Kodoin's Food Shoppe.
 46858 | Vaults:1 | Received a gift from Trog
 46946 | Vaults:1 | Received a gift from Trog
 48067 | Vaults:1 | Received a gift from Trog
 48633 | Vaults:1 | Received a gift from Trog
 48981 | Vaults:1 | Found Qienarph's Armour Emporium.
 49941 | Vaults:1 | Reached skill level 15 in Dodging
 50090 | Vaults:2 | Received a gift from Trog
 50920 | Vaults:2 | Reached XP level 20. HP: 102/140 MP: 25/33
 51217 | Vaults:2 | Received a gift from Trog
 53308 | Vaults:3 | Received a gift from Trog
 53531 | Vaults:3 | Received a gift from Trog
 54727 | Vaults:3 | Found a staircase to the Crypt.
 54737 | Vaults:3 | Paralysed by a vampire knight for 2 turns
 54803 | Vaults:3 | Reached skill level 15 in Fighting
 55513 | Vaults:4 | Reached skill level 15 in Armour
 56042 | Vaults:4 | Received a gift from Trog
 57556 | Vaults:4 | Received a gift from Trog
 57558 | Vaults:4 | Reached XP level 21. HP: 122/148 MP: 27/34
 58767 | Depths:1 | Entered Level 1 of the Depths
 58817 | Depths:1 | Found a runed door.
 59653 | Depths:1 | Found a gateway to Hell.
 59910 | Depths:1 | Received a gift from Trog
 60616 | Depths:2 | Found a one-way gate to the infinite horrors of the Abyss.
 62487 | Depths:2 | Found a gateway to a ziggurat.
 62735 | Depths:2 | Received a gift from Trog
 62992 | Depths:3 | Received a gift from Trog
 63588 | Depths:3 | Noticed Boris
 63619 | Depths:3 | Killed Boris
 63636 | Depths:3 | Noticed Margery
 63679 | Depths:3 | Killed Margery
 63679 | Depths:3 | Reached XP level 22. HP: 74/157 MP: 7/35
 64265 | Depths:3 | Received a gift from Trog
 65291 | Depths:3 | Noticed a golden dragon
 65305 | Depths:3 | Killed a golden dragon
 65841 | Depths:3 | Received a gift from Trog
 65902 | Depths:3 | Found a one-way gate leading to the halls of Pandemonium.
 66438 | Depths:4 | Received a gift from Trog
 66491 | Depths:4 | Found Sakef's Jewellery Shoppe.
 66496 | Depths:4 | Found Hunil Detis's Gadget Shop.
 66497 | Depths:4 | Found Zodita's Jewellery Shoppe.
 66517 | Depths:4 | Bought a phial of floods for 880 gold pieces
 68129 | Depths:4 | Received a gift from Trog
 68743 | Depths:5 | Entered Level 5 of the Depths
 68743 | Depths:5 | Found Pugappoy's Distillery.
 68754 | Depths:5 | Reached XP level 23. HP: 155/165 MP: 32/36
 68930 | Depths:4 | Received a gift from Trog
 68945 | Depths:5 | Bought a potion of curing for 60 gold pieces
 68945 | Depths:5 | Bought a potion of resistance for 200 gold pieces
 68945 | Depths:5 | Bought a potion of curing for 60 gold pieces
 69231 | Depths:5 | Noticed Boris
 69386 | Depths:5 | Noticed Xtahua
 69402 | Depths:5 | Killed Xtahua
 69813 | Depths:5 | Found a gate to the Realm of Zot.
 70413 | Depths:5 | Killed Boris
 70658 | Depths:5 | Got a steaming wooden ring
 70659 | Depths:5 | Identified the ring of Noive {Ice Dex+5} (You found it on level 5 of the Depths)
 71477 | Vaults:5 | Entered Level 5 of the Vaults
 71570 | Vaults:5 | Received a gift from Trog
 71677 | Vaults:5 | Noticed PeterLawrence's ghost (veteran MiFi)
 71689 | Vaults:5 | Noticed Jorgrun
 72155 | Vaults:5 | Received a gift from Trog
 72541 | Vaults:5 | Killed Jorgrun
 73395 | Vaults:4 | Reached XP level 24. HP: 117/173 MP: 28/37
 73610 | Vaults:4 | Received a gift from Trog
 73757 | Vaults:5 | Killed PeterLawrence's ghost
 73762 | Vaults:5 | Received a gift from Trog
 74234 | Vaults:5 | Identified the +1 scale mail "Wyqimpai" {MR+ Regen+ Str+7} (You took it off a vault guard on level 5 of the Vaults)
 74825 | Orc:2    | Bought a wand of heal wounds (7/9) for 726 gold pieces
 75787 | Vaults:5 | Received a gift from Trog
 76205 | Vaults:5 | Identified Keenohuo's Handbook of Flamy Companions
 76286 | Vaults:5 | Got a silver rune of Zot
 77097 | Zot:1    | Entered Level 1 of the Realm of Zot
 78219 | Zot:5    | Entered Level 5 of the Realm of Zot
 78354 | Zot:4    | Received a gift from Trog
 79396 | Zot:5    | Noticed an ancient lich
 79494 | Zot:5    | Killed an ancient lich
 79584 | Zot:5    | Reached XP level 25. HP: 104/182 MP: 8/38
 81759 | Zot:5    | Received a gift from Trog
 82555 | Zot:5    | Noticed an orb of fire
 82558 | Zot:5    | Gained mutation: Your body sometimes deteriorates upon taking damage. [an orb of fire]
 82582 | Zot:5    | Gained mutation: You are dopey. (Int -2) [an orb of fire]
 82587 | Zot:5    | Gained mutation: Armour fits poorly on your strangely shaped body. [an orb of fire]
 82610 | Zot:5    | Killed an orb of fire
 83838 | Zot:5    | Got the Orb of Zot
 83872 | Zot:5    | Reached skill level 15 in Throwing
 83929 | Zot:4    | Noticed an orb of fire
 83930 | Zot:4    | Gained mutation: Your system is resistant to poisons. (rPois) [an orb of fire]
 83939 | Zot:4    | Killed an orb of fire
 83977 | Zot:3    | Mangled by a death cob

Inventory:

Hand Weapons
 a - a +9 antimagic demon blade (weapon)
 b - a +10 blowgun
 m - the +7 Singing Sword
   (You found it on level 4 of the Dungeon)
Missiles
 h - 22 curare-tipped needles
 A - 22 poisoned javelins (quivered)
 E - a throwing net
Armour
 v - a +2 buckler (worn)
 B - a +2 pair of boots (worn)
 I - the +7 scale mail of a ziggurat (worn) {rPois Int+2}
   (You found it on level 1 of the Spider Nest)

   It affects your intelligence (+2).
   It protects you from poison.
 L - a +2 helmet (worn)
 Q - a +2 pair of gloves (worn)
 Y - a +2 cloak of fire resistance (worn)
Jewellery
 c - a ring of protection from cold (right hand)
 e - the ring of Mehepsu {+Blink rElec Str+5}
   (You bought it in a shop on level 9 of the Dungeon)

   [ring of strength]

   It affects your strength (+5).
   It insulates you from electricity.
   It lets you blink.
 f - the ring "Lesyrcha" {rF+ Str+2}
   (You found it on level 4 of the Spider Nest)

   [ring of protection from fire]

   It affects your strength (+2).
   It protects you from fire.
 g - the ring of Robustness (left hand) {AC+8}
   (You found it on level 6 of the Dungeon)

   [ring of protection]

   It affects your AC (+8).
 i - an uncursed ring of see invisible
 l - an uncursed ring of resist corrosion
 n - an amulet of guardian spirit (around neck)
Wands
 d - a wand of disintegration (8/24)
 j - a wand of disintegration (11/24)
 o - a wand of polymorph (10/24)
 y - a wand of heal wounds (0/9)
 z - a wand of enslavement (8/24)
 D - a wand of hasting (0/9)
 F - a wand of teleportation (2/9)
 M - a wand of teleportation (6/9)
 O - a wand of iceblast (1/15)
 P - a wand of paralysis (4/24)
 Z - a wand of digging (2/24)
Scrolls
 q - 21 scrolls of remove curse
 u - a scroll of magic mapping
 S - 23 scrolls of identify
 U - a scroll of silence
 V - 5 scrolls of fog
 X - 6 scrolls of fear
Potions
 p - a potion of cure mutation
 r - 8 potions of flight
 s - 5 potions of cancellation
 w - 5 potions of invisibility
 x - a potion of agility
 G - 11 potions of curing
 R - a potion of resistance
 T - 6 potions of might
Miscellaneous
 k - 2 sacks of spiders
 H - a lamp of fire
 N - a phial of floods
 W - a phantom mirror
Comestibles
 t - 5 bread rations
 C - 6 meat rations


   Skills:
 - Level 19.2 Fighting
 - Level 16.6 Long Blades
 + Level 15.2 Throwing
 - Level 19.2 Armour
 - Level 19.6 Dodging
 - Level 4.0 Shields
 - Level 19.0 Evocations


You had 24 spell levels left.
You didn't know any spells.

Dungeon Overview and Level Annotations

Branches:
Dungeon (15/15)            Temple (0/1) D:5            Lair (6/6) D:11
  Swamp (4/4) Lair:4       Spider (4/4) Lair:4        Slime (0/5) Lair:5
    Orc (2/2) D:10            Elf (3/3) Orc:2        Vaults (5/5) D:13
  Crypt (0/3) Vaults:3     Depths (5/5) D:15            Zot (5/5) Depths:5

Altars:
Ashenzari
Cheibriados
Dithmenos
Gozag
Kikubaaqudgha
Makhleb
Okawaru
Qazlal
Sif Muna
Trog
Uskayaw
Vehumet
Xom
Zin
Beogh

Shops:
D:5 (   D:7 =   D:9 *   D:11 *   D:12 ?   Orc:1 [   Orc:2 }?!!%   Elf:1 !
Vaults:1 [(%   Depths:4 =}=   Depths:5 !

Portals:
Hell: Depths:1 Depths:2 Depths:4 Depths:5
Abyss: Depths:2 Depths:4
Pandemonium: Depths:3
Ziggurat: Depths:2
Wizlab: Elf:3

Annotations:
Elf:2 1 exclusion
Depths:1 1 runed door
Depths:2 exclusion: 2 statues


Innate Abilities, Weirdness & Mutations

Armour fits poorly on your strangely shaped body.
Your body sometimes deteriorates upon taking damage.
You are dopey. (Int -2)
Your system is resistant to poisons. (rPois)
You are robust. (+10% HP)

Vault maps used:
D:1:      lightli_arrival_maybe_door_vault
D:2:      minmay_roachtagon, old_standard_altar, uniq_iyjb, uniq_natasha
D:3:      lemuel_crystal_altar, nrook_uturn
D:4:      old_forge, marbit_many_paths, first_bread, serial_bayou_pond_e,
          uniq_sigmund, uniq_edmund
D:5:      basic_altar, serial_shops, shop, uniq_blork_the_orc
D:6:      kennysheep_slug_shrine, chequers_temple_overflow_minitemple
D:7:      lemuel_ratsnest, serial_shops, shop, uniq_menkaure
D:8:      lemuel_doored_altar, lemuel_round_altar, ashenzari_altar_1,
          nicolae_qazlal_eye_of_the_storm
D:9:      nicolae_overflow_crystal_walls, zin_angel,
          nicolae_dithmenos_through_a_glass_darkly, serial_shops, shop,
          hangedman_ranch, kennysheep_boxes
D:10:     zombieorc2_lemuel, uniq_josephine
D:11:     david_lair_shrubbed, lab_entry_generic, serial_shops,
          nicolae_shop_behind_doors, hangedman_tell_no_tales
D:12:     serial_shops, shop, mrwooster_statue_mirror
D:13:     giant_chief_lemuel, grunt_vaults_entry_tiered, uniq_snorg, uniq_rupert
D:14:     basic_altar, serial_bayou_pond_d, kennysheep_generic_room_13,
          uniq_agnes, uniq_kirke
D:15:     grunt_enter_depths_hoard, minivault_19, st_stairs_13,
          eino_tiny_chamber
Lair:2:   lemuel_fruit_tree
Lair:3:   nicolae_quartered_pool_little, uniq_urug
Lair:4:   swamp_mist_pool, dummy_spider_entry, enter_volcano_2, st_stairs_8
Lair:5:   minmay_slime_entry_jelly_boxes
Lair:6:   minmay_lair_end_enchanted_forest, st_stairs_3
Swamp:1:  evilmike_swamp_ruin_house_5
Swamp:2:  nicolae_swamp_rocky_clearing, swamp_pool1,
          nicolae_swamp_necromancer_hut
Swamp:3:  nicolae_swamp_round_clearing
Swamp:4:  swamp_pestilence, swamp_pool3, statue_in_the_mist_lemuel
Spider:1: spider_trap, worms_lemuel
Spider:3: spider_trap, hangedman_spider_mandibles
Spider:4: grunt_spider_rune_parallel
Orc:1:    enter_bailey_3, basic_altar, serial_shops, nicolae_shop_crystal,
          uniq_erolcha
Orc:2:    st_orc_town, serial_shops, shop, uniq_sonja
Elf:1:    serial_shops, nicolae_shop_waterfront, orc_legates,
          due_unseen_surprise, uniq_louise
Elf:2:    einodemon_armed_red_devil_minivault
Elf:3:    minmay_elf_hall_hex, mu_enter_wizlab_1
Vaults:1: v_misc_2, nicolae_vaults_three_branches, hangedman_vaults_capsules,
          vaults_mumra_hex, ontoclasm_vaults_ring_square, hangedman_vaults_hat,
          vaults_dpeg_hooks, v_misc_30, vaults_dpeg_diagonal, serial_shops,
          nicolae_shop_stone, nicolae_shop_statue_plus, shop
Vaults:2: nicolae_vaults_ring_of_whatevers, nicolae_vaults_rhombus_6,
          hangedman_vaults_stream, v_misc_2, nicolae_vaults_little_squares_5,
          ontoclasm_vaults_gateway, ontoclasm_vaults_decontamination,
          v_alt_pattern_1, grunt_vaults_focal, v_pattern_5,
          vaults_room_fancy_cross, vaults_dpeg_cross,
          nicolae_vaults_yaktaur_gun_rack, grunt_vaults_funnel, v_misc_14,
          nicolae_vaults_network_quincunx, nicolae_vaults_quartermaster,
          v_misc_15
Vaults:3: dpeg_vaults_waves, minmay_crypt_entry_simple_sparse,
          vaults_mumra_chevron_long, hangedman_vaults_nails,
          nicolae_vaults_big_angled_halls, hangedman_vaults_locks,
          vaults_room_pools, nicolae_vaults_little_squares_1,
          nicolae_vaults_ring_of_whatevers
Vaults:4: v_misc_30, v_rooms_4, v_alt_pattern_4, ontoclasm_vaults_ring_large,
          nicolae_vaults_network_quinsquares, v_rooms_2, st_squares,
          vaults_room_octagon, ontoclasm_vaults_fault, vaults_dpeg_encased_lava,
          nicolae_vaults_little_squares_3, v_misc_27, ontoclasm_vaults_twist
Vaults:5: uniq_jorgrun
Depths:1: grunt_hell_entry_dis_mu, hangedman_glass_teeth,
          lightli_church_of_beogh
Depths:2: evilmike_halls_of_destruction, enter_ziggurat_f, abyss_entry,
          pf_hell_entry_tar_spiral, minmay_staircase_bubble,
          serial_bayou_shore_b
Depths:3: minmay_swirls_squares, pf_hell_entry_great_geh, pan_entry,
          grunt_decor_mini_mirrors, basic_stair_grate_trap, uniq_boris,
          uniq_margery
Depths:4: lemuel_castle_with_subvaults, abyss_entry, hell_entry, firewood_loft,
          minmay_shop_grove
Depths:5: evilmike_zot_entry_basic, lightli_too_deep, minmay_misc_feat_square,
          serial_shops, shop_coins, eino_tiny_chamber,
          hangedman_decor_cross_pass, uniq_boris, uniq_xtahua
Zot:1:    grunt_deathspiral_small
Zot:2:    st_single_dragon_hoard_3
Zot:4:    kennysheep_ambush_hall
Zot:5:    grunt_megastairs_5, basic_stair_grate_trap
Lab:      labyrinth_hidden_loot
Volcano:  volcano_bunker


Message History

You feel yourself speed up.
This wand has 0 charges left.
The death cob hits you!! The death cob drains your vigour!
You feel as though you will be slow longer.
The death cob hits you but does no damage.
The death cob completely misses you. The moth of wrath misses you.
The death cob completely misses you.
Unknown command.
You block the death cob's attack.
The death cob hits you but does no damage.
The moth of wrath completely misses you.
You riposte.
You hit the moth of wrath.
The moth of wrath is lightly wounded.
Found a morningstar.
The quicksilver dragon is no longer berserk.
The death cob hits you but does no damage.
The death cob barely misses you.
The death cob hits you but does no damage.
The death cob misses you. The death cob closely misses you.
The death cob hits you but does no damage.
The death cob hits you!
* * * LOW HITPOINT WARNING * * *
As you read the scroll of teleportation, it crumbles to dust.
You feel strangely unstable.
You feel the Orb delaying your translocation!
The death cob hits you but does no damage.
You block the death cob's attack. The death cob hits you!!
* * * LOW HITPOINT WARNING * * *
Your body deteriorates!
You feel dopey. The death cob drains your vigour!
You feel as though you will be slow longer.
Evoke which item? (* to show all) (? for menu, Esc to quit)
Zapping:
y - a wand of heal wounds (2/9)
Press: ? - help, Shift-Dir - straight line, f - you You feel much better.
This wand has 1 charge left.
You block the death cob's attack. The death cob completely misses you.
You riposte.
You hit the death cob.
The death cob is lightly damaged.
Unknown command.
Unknown command.
You block the death cob's attack. The death cob misses you.
Found 3 scrolls of fear.
The quicksilver dragon looks more energetic.
The death cob closely misses you. The death cob completely misses you.
You block the death cob's attack.
You start to feel less resistant.
The death cob closely misses you.
The moth of wrath goads the quicksilver dragon on!
The quicksilver dragon goes berserk!
Evoke which item? (* to show all) (? for menu, Esc to quit)
Zapping:
y - a wand of heal wounds (1/9)
Press: ? - help, Shift-Dir - straight line, f - you You feel much better.
This wand has 0 charges left.
The death cob misses you.
The quicksilver dragon completely misses you.
The quicksilver dragon claws you! The death cob hits you!
The death cob drains your vigour!
You feel as though you will be slow longer.
The quicksilver dragon misses you.
The quicksilver dragon completely misses you.
The death cob hits you!
* * * LOW HITPOINT WARNING * * *
The quicksilver dragon bites you!
* * * LOW HITPOINT WARNING * * *
You block the quicksilver dragon's attack.
Evoke which item? (* to show all) (? for menu, Esc to quit)
This wand has no charges.
Evoke which item? (* to show all) (? for menu, Esc to quit)
Okay, then.
Unknown command.
The death cob hits you.
* * * LOW HITPOINT WARNING * * *
The death cob drains your vigour!
You feel as though you will be slow longer.
The quicksilver dragon barely misses you.
The quicksilver dragon claws you but does no damage.
You hear a deafening roar!
You block the death cob's attack. The quicksilver dragon bites you!
* * * LOW HITPOINT WARNING * * *
The quicksilver dragon claws you but does no damage.
You block the death cob's attack.
The quicksilver dragon bites you but does no damage.
The quicksilver dragon completely misses you.
You block the death cob's attack.
Unknown command.
The death cob hits you!
* * * LOW HITPOINT WARNING * * *
The death cob drains your vigour!
You feel as though you will be slow longer.
The quicksilver dragon completely misses you.
You block the quicksilver dragon's attack.
The death cob closely misses you.
You riposte.
You hit the death cob.
The death cob is lightly damaged.
The quicksilver dragon misses you.
You block the quicksilver dragon's attack.
Your resistance to elements expires.
The death cob hits you!
* * * LOW HITPOINT WARNING * * *
The quicksilver dragon rages.
The death cob hits you!!
You die...

,,*,,,,,,,,,,,,,*,,,*,,,,*.......
,,*,,,,,,,,,,,,,*,,,+,,,,*.......
*********,,***##***,***##**,,*###
*********,,**##.##*,####.##+###..
,,,,,,,,*,,,,#...#,,.............
,,,,,,,,*,,,,+...#,,....)........
**,**,,**,,,,#...+,,..........|..
*****,,**,,,,*#..#######.....##..
,*,,,,,**,,,,*#.@##...#####.+##..
,+,,,,,,,,,,,,#..zD.y........#.?.
**,**,,*,,,,,,#..............#...
********,,,,,*#..............#...
*,****#...............#,.. ***
#........####....#,,
#######.?#**#..###** #....,,....#
#.....,....#


You could see a death cob, a quicksilver dragon (berserk) and a moth of wrath.

Vanquished Creatures
  An orb of fire (Zot:5)
  An ancient lich (Zot:5)
  Boris (twice) (Depths:3 Depths:5)
  Margery (Depths:3)
  Xtahua (Depths:5)
  The ghost of PeterLawrence the Slayer, a veteran MiFi of Okawaru (Vaults:5)
  5 Killer Klowns
  A curse toe (Zot:5)
  4 golden dragons
  A bone dragon (Swamp:4)
  Jorgrun (Vaults:5)
  2 electric golems (Zot:5)
  3 liches
  8 tentacled monstrosities
  22 Orb Guardians (Zot:5)
  6 quicksilver dragons
  5 titans
  3 death cobs
  3 sphinxes
  An Executioner (Zot:5)
  Kirke (D:14)
  A thorn hunter (Swamp:1)
  6 storm dragons
  3 shadow dragons
  11 fire giants
  7 tengu reavers
  4 deep elf sorcerers
  13 frost giants
  Louise (Elf:1)
  4 iron dragons
  2 orc warlords
  4 emperor scorpions
  4 ghost moths
  A draconian zealot (Depths:5)
  18 vault wardens
  A balrug (Depths:5)
  A draconian shifter (Depths:5)
  3 draconian annihilators (Zot:4)
  2 deep elf elementalists (Vaults:5)
  15 very ugly things
  2 entropy weavers
  29 stone giants
  2 ghouls
  21 ironheart preservers
  4 war gargoyles
  3 vampire knights
  A black draconian (Zot:5)
  3 red draconians
  4 deep elf demonologists
  5 white draconians
  3 purple draconians
  A yellow draconian (Zot:4)
  4 deep elf annihilators (Vaults:5)
  18 ettins
  4 spark wasps
  A crystal guardian (Vaults:4)
  14 fire dragons
  5 deep elf high priests
  A merfolk impaler (Depths:2)
  Josephine (D:10)
  2 deep elf death magi
  8 great orbs of eyes
  The ghost of TotoDurand the Arsonist, a journeyman NaFE of Vehumet (Lair:1)
  15 yaktaur captains
  5 rakshasas
  A minotaur (Lab)
  36 vault guards
  Erolcha (Orc:1)
  8 ice dragons
  A catoblepas (Lair:6)
  17 hydras
  8 centaur warriors
  5 spriggan air magi
  3 ghost crabs
  7 dancing weapons
  22 ogre magi
  9 alligators
  4 tengu warriors
  4 death knights
  14 death yaks
  A vampire mage (Depths:4)
  10 deep troll shamans
  The ghost of patrickswayze the Unseen, a journeyman DECK of Xom (D:11)
  3 spriggan berserkers
  Urug (Lair:3)
  22 deep elf knights
  5 deep troll earth magi
  A soul eater (Vaults:3)
  A shock serpent (shapeshifter) (Vaults:5)
  Sonja (Orc:2)
  2 sun demons (Depths:5)
  A golden dragon zombie (Vaults:5)
  A salamander mystic (Depths:1)
  8 hell knights
  26 deep trolls
  4 skeletal warriors
  10 glowing orange brains
  2 shadow wraiths
  3 iron trolls
  3 unseen horrors
  6 flayed ghosts
  11 wizards
  A tengu zombie (Vaults:5)
  5 shambling mangroves
  6 phantasmal warriors
  28 hill giants
  2 swamp dragons
  17 ironbrand convokers
  3 spectral hydras (Swamp:4)
  2 small abominations (Vaults:5)
  16 deep elf archers
  23 orc knights
  10 necromancers
  15 harpies
  19 orb spiders
  A tengu skeleton (Vaults:4)
  24 wolf spiders
  47 ugly things
  4 orc sorcerers
  9 moths of wrath
  52 deep elf magi
  2 salamanders (Depths:1)
  2 manticores
  A human zombie (Vaults:4)
  5 toenail golems (Volcano)
  22 cyclopes
  2 centaur zombies
  A wolf spider (shapeshifter) (Vaults:5)
  A sphinx skeleton (Vaults:4)
  9 elephants
  A guardian serpent (shapeshifter) (Depths:1)
  A human skeleton (Vaults:5)
  7 black mambas
  An elephant (shapeshifter) (Vaults:1)
  21 vault sentinels
  2 torpor snails
  5 gargoyles
  14 spiny frogs
  A storm dragon simulacrum (Vaults:2)
  A rime drake (shapeshifter) (Vaults:4)
  A kobold demonologist (D:12)
  2 rime drakes
  2 spiny frogs (shapeshifter)
  12 demonic crawlers
  8 komodo dragons
  A tengu conjurer (D:15)
  6 freezing wraiths
  3 swamp worm zombies
  2 yaktaur zombies
  61 yaktaurs
  3 hydra zombies (Swamp:4)
  5 trolls
  A queen bee (shapeshifter) (Vaults:2)
  A two-headed ogre (shapeshifter) (Vaults:1)
  6 polar bears (Lair:6)
  34 jumping spiders
  4 red devils (Elf:2)
  3 meliai (D:14)
  2 blink frogs (shapeshifter)
  27 hornets
  A sphinx simulacrum (Vaults:2)
  7 tyrant leeches
  31 two-headed ogres
  44 slime creatures
  5 spectral swamp dragons (Swamp:4)
  10 bog bodies
  A raiju (shapeshifter) (Depths:1)
  17 blink frogs
  5 alligator zombies (Swamp:4)
  7 dream sheep
  A meliai zombie (D:15)
  Sigmund (D:4)
  12 air elementals
  69 redbacks
  11 hippogriffs
  2 shadows
  A tarantella (shapeshifter) (Elf:2)
  21 spriggans
  A wyvern (Lair:3)
  5 water elementals
  14 wraiths
  A fire elemental (Elf:2)
  3 hungry ghosts
  22 tarantellas
  A vampire (D:14)
  A hog (D:14)
  53 yaks
  15 humans
  3 basilisks
  A steam dragon (D:8)
  38 vampire mosquitoes
  Menkaure (D:7)
  20 insubstantial wisps
  14 wargs
  14 water moccasins
  3 soldier ants
  8 mottled dragons
  Edmund (D:4)
  20 swamp worms
  A warg (shapeshifter) (Vaults:5)
  7 swamp drakes
  A deep troll skeleton (Vaults:4)
  A floating eye (Depths:4)
  11 porcupines
  3 ice beasts
  75 orc warriors
  4 sky beasts
  An eye of draining (D:11)
  2 ogres (shapeshifter)
  4 swamp dragon zombies (Swamp:4)
  70 ogres
  7 phantoms
  An eye of draining (shapeshifter) (Vaults:4)
  23 wolves
  18 boggarts
  25 centaurs
  5 crocodiles
  The ghost of patrickswayze the Sneak, an amateur DECK of Xom (D:3)
  8 big kobolds
  Blork the orc (D:5)
  17 bullfrogs
  A gnoll sergeant (D:10)
  A wyvern zombie (D:12)
  An earth elemental (Elf:1)
  A troll zombie (D:10)
  11 scorpions
  5 killer bees
  4 howler monkeys
  3 wights (D:14)
  A spriggan skeleton (D:11)
  An electric eel (Spider:3)
  8 crimson imps
  A quasit (D:14)
  6 centaur skeletons
  14 jellies
  22 orc wizards
  31 orc priests
  A gnoll shaman (D:9)
  4 hounds
  5 bullfrog skeletons
  5 iguanas
  Ijyb (D:2)
  Natasha (thrice) (D:2)
  8 worker ants
  2 hell rats (D:7)
  7 ogre zombies (D:10)
  A crocodile zombie (Swamp:2)
  3 hound skeletons
  A worker ant zombie (D:11)
  9 gnolls
  A swamp drake zombie (Swamp:2)
  16 adders
  9 river rats (D:7)
  8 shadow imps
  3 oozes
  An adder zombie (D:6)
  16 worms
  5 dart slugs
  7 leopard geckos
  132 orcs
  3 ball pythons
  16 bats
  19 giant cockroaches
  10 goblins
  9 hobgoblins
  2 jackals (D:1)
  27 kobolds
  2 quokkas
  10 frilled lizards
  2 goblin skeletons (D:10)
  2 goblin zombies (D:10)
  3 hobgoblin skeletons (D:10)
  2 hobgoblin zombies (D:10)
  A leopard gecko skeleton (D:4)
  3 orc skeletons (D:10)
  13 orc zombies (D:10)
  26 rats
  A briar patch (Swamp:1)
  3 crawling corpses (Vaults:5)
2445 creatures vanquished.

Vanquished Creatures (collateral kills)
  An orb of fire (Zot:4)
  Rupert (D:13)
  Agnes (D:14)
  An emperor scorpion (Spider:4)
  An ironheart preserver (Vaults:3)
  A vampire knight (Depths:4)
  A spark wasp (Depths:3)
  An eidolon (Vaults:3)
  Snorg (D:13)
  A death knight (Vaults:5)
  A deep elf knight (Vaults:3)
  A deep troll (Vaults:5)
  A necromancer (Depths:3)
  A spriggan druid (Swamp:4)
  A wizard (Vaults:3)
  A phantasmal warrior (Depths:4)
  A centaur skeleton (D:13)
  A freezing wraith (Vaults:3)
  A yaktaur (Depths:5)
  A two-headed ogre (D:13)
  A spriggan (Swamp:4)
  A vampire (D:13)
  A sky beast (D:13)
  A worker ant (D:14)
  An orc (D:13)
25 creatures vanquished.

Vanquished Creatures (others)
  An ettin (Depths:5)
  An ogre mage (Vaults:1)
  2 swamp dragons (Swamp:4)
  2 wizards (Volcano)
  2 wolf spiders
  A yaktaur skeleton (Vaults:5)
  A jumping spider (Spider:4)
  A hippogriff (D:14)
  A tarantella (Spider:4)
  A spriggan (Swamp:4)
  A boggart (Depths:1)
  A leopard gecko skeleton (D:8)
  A briar patch (Swamp:1)
  2 bushes
  26 fungi
  35 plants
79 creatures vanquished.

Grand Total: 2549 creatures vanquished

Action                   |  1- 3 |  4- 6 |  7- 9 | 10-12 | 13-15 | 16-18 | 19-21 | 22-24 | 25-27 || total
-------------------------+-------+-------+-------+-------+-------+-------+-------+-------+-------++-------
Melee: Falchion          |   106 |   209 |   234 |       |       |       |       |       |       ||   549
       Double sword      |       |       |   302 |   668 |  1442 |  2504 |  2921 |  1877 |   146 ||  9860
       Long sword        |       |       |       |       |    25 |    51 |       |       |       ||    76
       Demon blade       |       |       |       |       |     7 |    13 |    74 |   563 |   333 ||   990
 Fire: Blowgun           |       |       |       |       |       |       |       |    10 |    36 ||    46
Throw: Javelin           |       |       |       |       |    27 |    29 |    10 |    30 |     3 ||    99
Invok: Berserk           |     3 |     7 |    12 |    25 |     9 |    18 |    11 |    11 |     2 ||    98
       Trog's Hand       |       |       |     1 |     1 |    11 |     8 |    37 |    25 |     5 ||    88
       Brothers in Arms  |       |       |       |       |     3 |     1 |     3 |     4 |     2 ||    13
 Abil: Evoke Blink       |       |       |       |     2 |       |       |       |       |       ||     2
Evoke: Wand              |       |     1 |     1 |    11 |    50 |    42 |    14 |    46 |    11 ||   176
       Phantom mirror    |       |       |       |       |       |     1 |       |       |       ||     1
       Lamp of fire      |       |       |       |       |       |     1 |     6 |     2 |       ||     9
       Phial of floods   |       |       |       |       |       |       |       |     2 |       ||     2
  Use: Scroll            |       |    13 |     9 |    12 |    20 |    16 |    11 |    23 |     5 ||   109
       Potion            |       |       |       |       |     2 |     5 |     8 |    26 |     4 ||    45
 Stab: Sleeping          |     1 |     1 |       |     3 |     2 |       |       |       |       ||     7
       Distracted        |       |       |     1 |       |       |     1 |     1 |     1 |       ||     4
       Paralysed         |       |       |       |       |    26 |    13 |     7 |    10 |       ||    56
       Confused          |       |       |       |       |       |       |       |     6 |       ||     6
  Eat: Chunk             |     4 |     7 |    29 |    28 |    40 |    17 |    33 |    13 |       ||   171
       Bread ration      |       |     1 |     1 |       |       |     6 |     3 |     7 |     3 ||    21
       Pizza             |       |     1 |       |     7 |       |     2 |     1 |     1 |       ||    12
       Royal jelly       |       |     1 |       |     2 |     1 |       |     1 |     2 |       ||     7
       Beef jerky        |       |       |       |     2 |     2 |       |     3 |     2 |       ||     9
       Fruit             |       |       |       |     5 |     9 |    31 |     8 |     1 |       ||    54
       Meat ration       |       |       |       |       |       |     1 |     5 |     5 |     1 ||    12
Armor: Animal skin       |    20 |    38 |       |       |       |       |       |       |       ||    58
       Leather armour    |       |    10 |       |       |       |       |       |       |       ||    10
       Chain mail        |       |       |   145 |       |       |       |       |       |       ||   145
       Plate armour      |       |       |    63 |       |       |       |       |       |       ||    63
       Steam dragon scal |       |       |    16 |   143 |   317 |    67 |       |       |       ||   543
       Scale mail        |       |       |       |       |       |  1139 |   807 |   773 |   163 ||  2882
       Mottled dragon sc |       |       |       |       |       |    93 |       |       |       ||    93
Dodge: Dodged            |    58 |   144 |   141 |   315 |   869 |  1744 |  1591 |  1523 |   315 ||  6700
Block: Buckler           |       |       |    21 |   118 |   267 |   605 |   473 |   408 |   132 ||  2024
       Rpst.: Falchion   |    21 |    43 |    24 |       |       |       |       |       |       ||    88
       Double sword      |       |       |    20 |    75 |   247 |   369 |   346 |   219 |    18 ||  1294
       Long sword        |       |       |       |       |     1 |     7 |       |       |       ||     8
       Demon blade       |       |       |       |       |       |     1 |     7 |    57 |    41 ||   106

Action                   |  1- 3 |  4- 6 |  7- 9 | 10-12 | 13-15 | 16-18 | 19-21 | 22-24 | 25-27 || total
-------------------------+-------+-------+-------+-------+-------+-------+-------+-------+-------++-------
Melee: Falchion          |   106 |   209 |   234 |       |       |       |       |       |       ||   549
       Double sword      |       |       |   302 |   668 |  1442 |  2504 |  2921 |  1877 |   146 ||  9860
       Long sword        |       |       |       |       |    25 |    51 |       |       |       ||    76
       Demon blade       |       |       |       |       |     7 |    13 |    74 |   563 |   333 ||   990
 Fire: Blowgun           |       |       |       |       |       |       |       |    10 |    36 ||    46
Throw: Javelin           |       |       |       |       |    27 |    29 |    10 |    30 |     3 ||    99
Invok: Berserk           |     3 |     7 |    12 |    25 |     9 |    18 |    11 |    11 |     2 ||    98
       Trog's Hand       |       |       |     1 |     1 |    11 |     8 |    37 |    25 |     5 ||    88
       Brothers in Arms  |       |       |       |       |     3 |     1 |     3 |     4 |     2 ||    13
 Abil: Evoke Blink       |       |       |       |     2 |       |       |       |       |       ||     2
Evoke: Wand              |       |     1 |     1 |    11 |    50 |    42 |    14 |    46 |    11 ||   176
       Phantom mirror    |       |       |       |       |       |     1 |       |       |       ||     1
       Lamp of fire      |       |       |       |       |       |     1 |     6 |     2 |       ||     9
       Phial of floods   |       |       |       |       |       |       |       |     2 |       ||     2
  Use: Scroll            |       |    13 |     9 |    12 |    20 |    16 |    11 |    23 |     5 ||   109
       Potion            |       |       |       |       |     2 |     5 |     8 |    26 |     4 ||    45
 Stab: Sleeping          |     1 |     1 |       |     3 |     2 |       |       |       |       ||     7
       Distracted        |       |       |     1 |       |       |     1 |     1 |     1 |       ||     4
       Paralysed         |       |       |       |       |    26 |    13 |     7 |    10 |       ||    56
       Confused          |       |       |       |       |       |       |       |     6 |       ||     6
  Eat: Chunk             |     4 |     7 |    29 |    28 |    40 |    17 |    33 |    13 |       ||   171
       Bread ration      |       |     1 |     1 |       |       |     6 |     3 |     7 |     3 ||    21
       Pizza             |       |     1 |       |     7 |       |     2 |     1 |     1 |       ||    12
       Royal jelly       |       |     1 |       |     2 |     1 |       |     1 |     2 |       ||     7
       Beef jerky        |       |       |       |     2 |     2 |       |     3 |     2 |       ||     9
       Fruit             |       |       |       |     5 |     9 |    31 |     8 |     1 |       ||    54
       Meat ration       |       |       |       |       |       |     1 |     5 |     5 |     1 ||    12
Armor: Animal skin       |    20 |    38 |       |       |       |       |       |       |       ||    58
       Leather armour    |       |    10 |       |       |       |       |       |       |       ||    10
       Chain mail        |       |       |   145 |       |       |       |       |       |       ||   145
       Plate armour      |       |       |    63 |       |       |       |       |       |       ||    63
       Steam dragon scal |       |       |    16 |   143 |   317 |    67 |       |       |       ||   543
       Scale mail        |       |       |       |       |       |  1139 |   807 |   773 |   163 ||  2882
       Mottled dragon sc |       |       |       |       |       |    93 |       |       |       ||    93
Dodge: Dodged            |    58 |   144 |   141 |   315 |   869 |  1744 |  1591 |  1523 |   315 ||  6700
Block: Buckler           |       |       |    21 |   118 |   267 |   605 |   473 |   408 |   132 ||  2024
       Rpst.: Falchion   |    21 |    43 |    24 |       |       |       |       |       |       ||    88
       Double sword      |       |       |    20 |    75 |   247 |   369 |   346 |   219 |    18 ||  1294
       Long sword        |       |       |       |       |     1 |     7 |       |       |       ||     8
       Demon blade       |       |       |       |       |       |     1 |     7 |    57 |    41 ||   106
